 Dungeon Sprint DCSS version 0.31-a0-632-g766dd24fdf (webtiles) character file.

Game seed: 8106877094462289891

1000000 sircluck the Imperceptible (level 13, -3/79 HPs)
             Began as a Formicid Ice Elementalist on Aug 25, 2023.
             Was a Follower of Makhleb.
             Slain by a bag of meat
             ... wielding a +9 war axe
              (20 damage)
             ... in the Dungeon (Sprint VIII: "Arena of Blood").
             The game lasted 00:00:18 (10 turns).

sircluck the Imperceptible (FoIE)                     Turns: 10, Time: 00:00:19

Health: -3/79      AC:  2    Str: 17    XL:     13   Next: 64%
Magic:  4/34       EV: 20    Int: 16    God:    Makhleb [*.....]
Gold:   0          SH:  0    Dex: 14    Spells: 46/47 levels left

rFire   . . .        f - +∞ Axe of Woe
rCold   . . .        (no shield)
rNeg    . . .        a - +0 robe
rPois   .            (helmet unavailable)
rElec   .            (no cloak)
rCorr   .            (no gloves)
SInv    +            (no boots)
Will    +....        (no amulet)
Stlth   ++++++++     (no ring)
HPRegen 0.33/turn    (no ring)
MPRegen 0.24/turn

%: no passive effects
@: no status effects
A: permanent stasis, dig shafts and tunnels, antennae 3, four strong arms
a: Dig, Renounce Religion


You were in the Dungeon.
You worshipped Makhleb.
Makhleb was aware of your devotion.
You visited 1 branch

Inventory:

Hand Weapons
 f - the +∞ Axe of Woe (weapon)
   (You found it in the Dungeon)
Armour
 a - a +0 robe (worn)
Scrolls
 e - a scroll of blinking
Potions
 b - 3 potions of magic
 c - a potion of curing
 d - a potion of heal wounds


   Skills:
 + Level 16.3 Dodging
 + Level 22.2 Stealth
 + Level 17.7 Spellcasting
 + Level 17.9 Ice Magic


You had 46 spell levels left.
You knew the following spells:

 Your Spells              Type           Power      Damage    Failure   Level
a - Freeze                Ice            100%       1d10      0%          1

Your spell library contained the following spells:

 Spells                   Type           Power      Damage    Failure   Level
 Frozen Ramparts          Ice            100%       1d16      0%          3
 Ozocubu's Armour         Ice            64%        N/A       0%          3
 Summon Ice Beast         Ice/Summ       42%        N/A       1%          4


Dungeon Overview and Level Annotations

Branches:
Dungeon (1/1)

Altars:
Makhleb


Innate Abilities, Weirdness & Mutations

You cannot be hasted, slowed, berserked, paralysed or teleported.
You can dig through walls and to a lower floor.
You have a pair of large antennae on your head. (SInv)
Your four strong arms can wield two-handed weapons with a shield.


Message History

Unknown command.
Press < or > to pray at altars.
You kneel at the altar of Makhleb.
Makhleb welcomes you!
The meat berserker appears out of thin air!
A meat berserker comes into view. It is wielding a +9 battleaxe.
Unknown command.
Press < or > to pray at altars.
A bag of meat comes into view. It is wielding a +9 war axe.
A bag of meat and a meat berserker come into view.
The meat berserker rages.
A bag of meat comes into view. It is wielding a +9 war axe.
The meat berserker rages.
A meat berserker comes into view. It is wielding a +9 battleaxe. x2
The bag of meat shouts! x3
You hit the meat berserker.
You butcher the meat berserker messily.
You kill the meat berserker!
Makhleb accepts your kill.
A meat berserker comes into view. It is wielding a +9 battleaxe.
A bag of meat comes into view. It is wielding a +9 war axe.
The meat berserker hits you with a +9 battleaxe!!!
Ouch! That really hurt!
* * * LOW HITPOINT WARNING * * *
A meat berserker comes into view. It is wielding a +9 battleaxe.
Your Dodging skill gained 2 levels and is now at level 16!
Your Stealth skill gained 3 levels and is now at level 22!
Your Spellcasting skill gained 2 levels and is now at level 17!
Your Ice Magic skill gained 2 levels and is now at level 17!
You have reached level 13!
Unknown command.
Unknown command.
Unknown command.
You hit the meat berserker.
You pulverise the meat berserker into a thin bloody mist.
You kill the meat berserker!
Makhleb accepts your kill.
You can now gain health from killing.
The meat berserker rages.
A bag of meat comes into view. It is wielding a +9 war axe. x2
The bag of meat hits you with a +9 war axe!!
You die... .......... ooo........

......... .
#.......#,{ #..
#o......#
....###.... ..###.
.......)O###......
#...O.@)._)......
.......#o....#....
.......#_.<._# .
.......#.....#
.#.O...O.._.....
........o###......
....###..., ..###.
.... {#... .o#{
#.. ..#{{


You could see 3 meat berserkers and 6 bags of meat.

Vanquished Creatures
  3 ogres (D)
3 creatures vanquished.

Notes
Turn   | Place    | Note
-------+----------+-------------------------------------------
     0 | D        | Found the +∞ Axe of Woe
     0 | D        | sircluck the Formicid Ice Elementalist began the quest for
                  | the Orb.
     0 | D        | Reached XP level 1. HP: 13/13 MP: 3/3
     2 | D        | Noticed a meat berserker
     2 | D        | Noticed a bag of meat
     4 | D        | Killed a meat berserker
     4 | D        | Noticed a bag of meat
     5 | D        | Reached skill level 19 in Stealth
     5 | D        | Reached skill level 15 in Spellcasting
     5 | D        | Reached skill level 15 in Ice Magic
     5 | D        | Reached XP level 2. HP: 19/19 MP: 3/18
     5 | D        | Reached XP level 3. HP: 24/24 MP: 3/19
     5 | D        | Reached XP level 4. HP: 30/30 MP: 3/21
     5 | D        | Reached XP level 5. HP: 35/35 MP: 3/22
     5 | D        | Reached XP level 6. HP: 41/41 MP: 3/24
     5 | D        | Reached XP level 7. HP: 46/46 MP: 3/25
     5 | D        | Reached XP level 8. HP: 52/52 MP: 3/27
     5 | D        | Reached XP level 9. HP: 57/57 MP: 3/28
     5 | D        | Reached XP level 10. HP: 63/63 MP: 3/29
     5 | D        | Reached XP level 11. HP: 68/68 MP: 3/30
     5 | D        | Reached XP level 12. HP: 74/74 MP: 3/31
     5 | D        | Became a worshipper of Makhleb the Destroyer
     6 | D        | Noticed a meat berserker
     6 | D        | Noticed a bag of meat
     7 | D        | Noticed a bag of meat
     7 | D        | Noticed a meat berserker
     7 | D        | Noticed a bag of meat
     8 | D        | Noticed a meat berserker
     8 | D        | Noticed a meat berserker
     9 | D        | Killed a meat berserker
     9 | D        | Noticed a meat berserker
     9 | D        | Noticed a bag of meat
     9 | D        | Noticed a meat berserker
    10 | D        | Reached skill level 22 in Stealth
    10 | D        | Reached XP level 13. HP: 16/79 MP: 4/34
    10 | D        | Killed a meat berserker
    10 | D        | Reached * piety under Makhleb
    10 | D        | Noticed a bag of meat
    10 | D        | Noticed a bag of meat
    10 | D        | Slain by a bag of meat

Illustrated notes

Levels and vault maps discovered:
D:        meatsprint

Skill      XL: |  1  2  3  4  5  6  7  8  9 10 11 12 |
---------------+-------------------------------------+-----
Dodging        | 14 16 | 16.3
Stealth        | 19 22 | 22.2
Spellcasting   | 15 17 | 17.7
Ice Magic      | 15 17 | 17.9

Action                     |  1- 3 |  4- 6 |  7- 9 | 10-12 | 13-15 || total
---------------------------+-------+-------+-------+-------+-------++-------
  Melee: Executioner's axe |     1 |       |       |     1 |     1 ||     3

Table legend: (Time is in decaauts)
 A = Elapsed time spent in this place.
 B = Non-inter-level travel time spent in this place.
 C = Inter-level travel time spent in this place.
 D = Time resting spent in this place.
 E = Time spent auto-exploring this place.
 F = Levels seen in this place.
 G = Mean time per level.
                   A        B        C        D        E       F      G
               +--------+--------+--------+--------+--------+-----+--------+
         Total |     11 |     11 |      0 |      0 |      0 |   1 |   11.0 |
       Dungeon |     11 |     11 |      0 |      0 |      0 |   1 |   11.0 |
               +--------+--------+--------+--------+--------+-----+--------+

Top non-repeatable levels by time:
       D: 11 daAuts
